 Dungeon Crawl Stone Soup version 0.17-a0-1954-g0dddeaa (webtiles) character file.

43 HenryFlower the Cudgeler (level 3, -3/26 HPs)
             Began as an Octopode Berserker on Oct 4, 2015.
             Was a Believer of Trog.
             Slain by an adder (5 damage)
             ... on level 2 of the Dungeon.
             The game lasted 00:02:46 (2009 turns).

HenryFlower the Cudgeler (Octopode Berserker)       Turns: 2009, Time: 00:02:46

Health: -3/26      AC:  1    Str: 16    XL:     3   Next: 58%
Magic:  3/3        EV: 13    Int:  9    God:    Trog [**....]
Gold:   106        SH:  0    Dex: 12    Spells: 0 memorised, 2 levels left

rFire  . . .     SeeInvis +     a - +1 mace
rCold  . . .     Clarity  .     (no shield)
rNeg   . . .     SustAt   .     (helmet restricted)
rPois  .         Gourm    .     (no amulet)
rElec  .         Spirit   .     l - ring of see invisible
rCorr  .         Warding  .     (no ring)
rMut   .         Stasis   .     (no ring)
MR     .....                    (no ring)
Stlth  ++........               (no ring)
                                (no ring)
                                (no ring)
                                (no ring)

@: not resistant to hostile enchantments, unstealthy
A: almost no armour, amphibious, 8 rings, constrict 8, camouflage 1, gelatinous
body 1
a: Burn Spellbooks, Berserk, Trog's Hand, Renounce Religion


You were on level 2 of the Dungeon.
You worshipped Trog.
Trog was pleased with you.
You were not hungry.

You visited 1 branch of the dungeon, and saw 2 of its levels.

You collected 106 gold pieces.

Inventory:

Hand weapons
 a - a +1 mace (weapon)
 c - a +1 vampiric dagger
 m - a +4 dagger
Missiles
 p - 3 tomahawks (quivered)
Jewellery
 l - a ring of see invisible (left tentacle)
Scrolls
 d - a scroll of remove curse {unknown}
 e - a scroll of blinking {unknown}
 i - a scroll of enchant weapon
 n - a scroll of recharging {unknown}
 r - a scroll of identify {unknown}
Potions
 f - 2 potions of curing {unknown}
 g - 2 potions of cure mutation {unknown}
 k - a potion of might {unknown}
 o - a potion of lignification {unknown}
Comestibles
 b - a bread ration
 h - 3 fruits
 q - a beef jerky


   Skills:
 - Level 3.0 Fighting
 + Level 4.4 Maces & Flails
 - Level 3.0 Dodging


You had 2 spell levels left.
You didn't know any spells.

Dungeon Overview and Level Annotations

Branches:
Dungeon (2/15)

Altars:


Innate Abilities, Weirdness & Mutations

You cannot wear most types of armour.
You are amphibious.
You can wear up to eight rings at the same time.
You can use your tentacles to constrict eight enemies at once.
Your skin changes colour to match your surroundings (Stealth).
Your rubbery body absorbs attacks (AC +1).


Message History

The adder barely misses you. The adder closely misses you.
The gnoll shouts!
The gnoll hits you with a spear.
* * * LOW HITPOINT WARNING * * *
The gnoll hits you but does no damage.
Unknown command.
The gnoll hits you from afar with a spear.
* * * LOW HITPOINT WARNING * * *
Found 17 bolts.
Unknown command.
The adder bites you.
* * * LOW HITPOINT WARNING * * *
Unknown command.
Read which item? (? for menu, Esc to quit)
As you read the scroll labeled REHAFY LEULL, it crumbles to dust.
You feel forgetful for a moment.
It was a scroll of amnesia.
The adder barely misses you. The adder bites you.
You die...

.#...((....#.......#...#
...........#.!.....#...#
....##...†.....g..)....#
..#.#.....<#...........#
....#..#.........g.....#
...#................#.##
#...........######g####
>....#..#.#..###.S...#..
..####..####....@........
..# ...# #...............
..#
...###................
.... .................
.##.( ..............(..
..#... .##.#............
..# .. ###........... ..#
#..........


You could see a gnoll and an adder.

Vanquished Creatures
  An adder (D:2)
  An ooze (D:2)
  3 giant cockroaches (D:1)
  3 hobgoblins (D:1)
  2 ball pythons (D:2)
  3 bats
  2 giant geckos
  4 giant newts (D:1)
  5 goblins (D:1)
  7 kobolds
  2 rats
33 creatures vanquished.

Notes
Turn   | Place    | Note
--------------------------------------------------------------
     0 | D:1      | HenryFlower the Octopode Berserker began the quest for the Orb.
     0 | D:1      | Reached XP level 1. HP: 16/16 MP: 1/1
   335 | D:1      | Reached XP level 2. HP: 13/21 MP: 2/2
  1085 | D:1      | Reached skill level 4 in Maces & Flails
  1400 | D:2      | Reached XP level 3. HP: 26/26 MP: 3/3
  1402 | D:2      | Acquired Trog's second power
  2009 | D:2      | Slain by an adder

Vault maps used:
D:1:      nagdon_arrival_zigzag_paths, serial_bayou_pond_c

Action                   || total
-------------------------++-------
Melee: Mace              ||    63
  Use: Scroll            ||     2
 Stab: Sleeping          ||     4
  Eat: Chunk             ||     3
